 Dungeon Crawl Stone Soup version 0.17-b1-20-g63edfd6 (webtiles) character file.

16757 4thArraOfDagon the Cleaver (level 12, -7/76 HPs)
             Began as a Gargoyle Gladiator on Nov 4, 2015.
             Was a High Priest of Makhleb.
             Mangled by a shadow (13 damage)
             ... on level 14 of the Dungeon.
             The game lasted 00:28:52 (5274 turns).

4thArraOfDagon the Cleaver (Gargoyle Gladiator)     Turns: 5274, Time: 00:28:52

Health: -7/76      AC: 29    Str: 17    XL:     12   Next: 40%
Magic:  18/18      EV:  9    Int: 14    God:    Makhleb [*****.]
Gold:   418        SH:  0    Dex: 10    Spells: 0 memorised, 11 levels left

rFire  . . .     SeeInvis .     K - +4 broad axe (venom)
rCold  . . .     Clarity  +     H - +4 chain mail
rNeg   + . .     SustAt   .     (no shield)
rPois  ∞         Gourm    .     g - +2 hat
rElec  +         Spirit   .     y - +0 cloak
rCorr  .         Warding  .     (no gloves)
rMut   .         Stasis   .     o - +1 pair of boots
MR     .....                    r - amulet of Leaves {Clar Stlth+}
Stlth  ..........               c - ring of wizardry
                                f - +4 ring of slaying

@: not resistant to hostile enchantments, extremely unstealthy
A: negative energy resistance 1, electricity resistance, weak 1, unbreathing,
petrification resistance, rot immunity, AC +8
a: Minor Destruction, Lesser Servant of Makhleb, Major Destruction, Greater
Servant of Makhleb, Renounce Religion


You were on level 14 of the Dungeon.
You worshipped Makhleb.
Makhleb was extremely pleased with you.
You were not hungry.

You visited 2 branches of the dungeon, and saw 16 of its levels.
You also visited: Ossuary and Bailey.

You collected 1132 gold pieces.
You spent 714 gold pieces at shops.

Inventory:

Hand Weapons
 a - a +1 war axe
 K - a +4 broad axe of venom (weapon)
Armour
 g - a +2 hat (worn)
 o - a +1 pair of boots (worn)
 y - a +0 cloak (worn)
 z - a +2 chain mail of cold resistance
 H - a +4 chain mail (worn)
Jewellery
 b - an uncursed ring of flight
 c - a ring of wizardry (right hand)
 f - a +4 ring of slaying (left hand)
 r - the amulet of Leaves (around neck) {Clar Stlth+}
   (You took it off a centaur warrior on level 12 of the Dungeon)

   [amulet of clarity]

   It provides mental clarity.
   It makes you more stealthy.
Wands
 l - a wand of disintegration (8)
 p - a wand of flame (13)
 q - a wand of paralysis (0)
 J - a wand of magic darts (20)
Scrolls
 n - 2 scrolls of fog
 s - a scroll of random uselessness
 w - a scroll of noise
 I - 3 scrolls of remove curse
Potions
 h - 3 potions of mutation {unknown}
 i - 4 potions of curing
 k - 4 potions of agility
 m - a potion of resistance {unknown}
 t - 2 potions of might {unknown}
 u - a potion of invisibility {unknown}
 v - a potion of degeneration {unknown}
 x - 2 potions of brilliance
 A - a potion of heal wounds
 B - a potion of haste
 D - 3 potions of flight
 G - a potion of cure mutation
 P - a potion of lignification
Books
 C - a book of Fire

   Spells                             Type                      Level
   a - Ignite Poison                  Fire/Transmutation/Poison    3
   b - Fireball                       Conjuration/Fire             5
   c - Bolt of Fire                   Conjuration/Fire             6
   d - Delayed Fireball               Conjuration/Fire             7
   e - Ring of Flames                 Charms/Fire                  7
 E - a book of Frost

   Spells                             Type                      Level
   a - Freeze                         Ice                          1
   b - Throw Frost                    Conjuration/Ice              2
   c - Ozocubu's Armour               Charms/Ice                   3
   d - Throw Icicle                   Conjuration/Ice              4
   e - Summon Ice Beast               Ice/Summoning                4
   f - Condensation Shield            Ice                          4
 F - a book of Hinderance

   Spells                             Type                      Level
   a - Confusing Touch                Hexes                        2
   b - Confuse                        Hexes                        3
   c - Gell's Gravitas                Hexes/Translocation          3
   d - Petrify                        Transmutation/Earth          4
   e - Metabolic Englaciation         Hexes/Ice                    5
Comestibles
 d - 3 meat rations
 e - 3 bread rations
 j - a royal jelly
 M - 3 fruits
 N - a slice of pizza


   Skills:
 + Level 9.4 Fighting
 * Level 11.0 Axes
 - Level 1.7 Throwing
 + Level 9.0 Armour
 + Level 7.2 Dodging
 + Level 8.3 Invocations
 - Level 2.1 Evocations


You had 11 spell levels left.
You didn't know any spells.

Dungeon Overview and Level Annotations

Branches:
Dungeon (15/15)            Temple (1/1) D:6
   Lair: D:8-11         Orc: D:9-12      Vaults: D:13-14     Depths: D:15

Altars:
Ashenzari
Dithmenos
Elyvilon
Kikubaaqudgha
Makhleb
Nemelex Xobeh
Okawaru
Ru
Vehumet
The Shining One

Shops:
D:9 !   D:10 (

Annotations:
D:13 VAUTLS


Innate Abilities, Weirdness & Mutations

You are resistant to torment.
Your stone body is resilient (AC +8).
You are immune to poison.
You resist negative energy.
You are resistant to electric shocks.
You can survive without breathing.
You are immune to petrification.
You are immune to rotting.
You are weak. (Str -2)


Message History

Reactivating autopickup.
You closely miss the shadow.
The shadow slips into darkness.
The shadow flickers and vanishes!
Deactivating autopickup; reactivate with Ctrl-A.
You closely miss something.
The shadow strikes at you from the darkness!
* * * LOW HITPOINT WARNING * * *
Reactivating autopickup.
You slash the shadow!
The shadow is heavily damaged.
The shadow hits you.
You closely miss the shadow.
The shadow is heavily damaged.
The shadow slips into darkness.
The shadow flickers and vanishes!
Deactivating autopickup; reactivate with Ctrl-A.
You barely miss something.
The shadow strikes at you from the darkness!
You die...

......................
....................#
#####...............#
#...............#
#...............#
#...............#
#...............#
#...............#
#..........@{...#
...................
..................
.............####
#########...# ...#
...# ###### ....
......


There were no monsters in sight!

Vanquished Creatures
  A tengu warrior (D:14)
  2 centaur warriors (D:12)
  3 unseen horrors
  A hill giant (D:13)
  4 ugly things (D:12)
  2 cyclopes
  A manticore (D:12)
  A komodo dragon (D:12)
  2 trolls
  A two-headed ogre (D:11)
  7 slime creatures (D:13)
  A wraith (D:12)
  A deep elf mage (D:13)
  A redback (D:12)
  2 shadows
  2 humans (D:12)
  2 wyverns
  10 yaks
  2 hungry ghosts
  A hippogriff (D:12)
  A steam dragon (D:11)
  2 vampire mosquitoes (D:13)
  A mottled dragon (D:12)
  A water moccasin (D:13)
  3 ice beasts
  An eye of draining (D:12)
  2 orc warriors
  A sky beast (D:14)
  An ogre (D:12)
  2 phantoms
  3 centaurs
  A big kobold (D:11)
  4 giant frogs
  A wyvern skeleton (D:12)
  2 scorpions
  12 killer bees
  7 wights
  7 hounds
  A wasp zombie (D:8)
  6 orc wizards
  2 crimson imps (D:11)
  A jelly (D:7)
  2 orc priests (D:10)
  2 centaur skeletons
  2 giant frog skeletons (D:12)
  2 iguanas
  2 centaur simulacra (D:12)
  3 sheep (D:13)
  4 worker ants
  A hound zombie (D:6)
  8 mummies (Ossuary)
  7 adders
  3 gnolls (D:11)
  2 shadow imps
  2 adder skeletons
  3 worms
  4 giant geckos
  25 orcs
  A giant cockroach (D:2)
  2 hobgoblins
  4 jackals (D:6)
  8 kobolds
  A quokka (D:6)
  6 bats
  A giant newt (D:3)
  9 goblins
  2 hobgoblin zombies (Ossuary)
  A jackal skeleton (D:4)
  4 kobold zombies (Ossuary)
  2 orc zombies (Ossuary)
222 creatures vanquished.

Vanquished Creatures (collateral kills)
  A yak (D:12)
1 creature vanquished.

Vanquished Creatures (others)
  An ooze (D:3)
1 creature vanquished.

Grand Total: 224 creatures vanquished

Notes
Turn   | Place    | Note
--------------------------------------------------------------
     0 | D:1      | 4thArraOfDagon the Gargoyle Gladiator began the quest for the Orb.
     0 | D:1      | Reached XP level 1. HP: 12/12 MP: 1/1
   160 | D:2      | Reached XP level 2. HP: 14/17 MP: 2/2
   230 | D:2      | Reached skill level 3 in Axes
   440 | D:3      | Found a radiant altar of Vehumet.
   458 | D:3      | Reached XP level 3. HP: 19/22 MP: 3/3
   495 | D:3      | Reached skill level 1 in Armour
   546 | D:3      | Reached XP level 4. HP: 17/28 MP: 4/4
   554 | D:3      | Found a white marble altar of Elyvilon.
   687 | D:5      | Entered Level 5 of the Dungeon
   696 | D:5      | Reached XP level 5. HP: 25/32 MP: 5/5
   720 | D:5      | Reached skill level 4 in Axes
   747 | D:5      | Found a sparkling altar of Nemelex Xobeh.
   784 | D:4      | Noticed a phantom
   800 | D:4      | Killed a phantom
   800 | D:4      | Reached XP level 6. HP: 33/38 MP: 6/6
   967 | D:6      | Reached skill level 5 in Axes
   967 | D:6      | Reached XP level 7. HP: 33/43 MP: 7/7
  1059 | D:6      | Found a shadowy altar of Dithmenos.
  1059 | D:6      | Found a glowing golden altar of the Shining One.
  1067 | D:6      | Found an ancient bone altar of Kikubaaqudgha.
  1171 | D:6      | Found a staircase to the Ecumenical Temple.
  1223 | Temple   | Entered the Ecumenical Temple
  1234 | Temple   | umm
  1237 | Temple   | Became a worshipper of Makhleb the Destroyer
  1300 | D:6      | Found a sand-covered staircase.
  1306 | Ossuary  | Entered an ossuary
  1588 | D:6      | Reached * piety under Makhleb
  1598 | D:6      | Got a steaming trident
  1599 | D:6      | Identified the +7 trident of the Scorpion {pain, *Contam Int+7} (You found it on level 6 of the Dungeon)
  1626 | D:6      | Gained mutation: You are weak. (Str -2) [mutagenic glow]
  1727 | D:8      | Reached skill level 1 in Invocations
  1767 | D:8      | Reached XP level 8. HP: 41/48 MP: 7/9
  1791 | D:8      | Reached skill level 1 in Evocations
  1898 | D:9      | Found a shattered altar of Ashenzari.
  1951 | D:9      | Found Edick's Distillery.
  1966 | D:9      | Bought a potion of heal wounds for 80 gold pieces
  1966 | D:9      | Bought a potion of berserk rage for 80 gold pieces
  1966 | D:9      | Bought a potion of curing for 48 gold pieces
  1966 | D:9      | Bought a potion of agility for 64 gold pieces
  1966 | D:9      | Bought a potion of curing for 48 gold pieces
  1966 | D:9      | Bought a potion of berserk rage for 80 gold pieces
  1966 | D:9      | Bought a potion of heal wounds for 80 gold pieces
  1966 | D:9      | Bought a potion of poison for 16 gold pieces
  2008 | D:9      | Reached skill level 6 in Axes
  2110 | D:10     | Entered Level 10 of the Dungeon
  2227 | D:10     | Reached skill level 5 in Fighting
  2248 | D:10     | Found Eshrifut's Weapon Boutique.
  2282 | D:10     | lab d:10
  2313 | D:10     | Noticed a centaur zombie
  2515 | D:11     | Reached ** piety under Makhleb
  2554 | D:11     | Found a flagged portal.
  2567 | Bailey   | Entered a bailey
  2610 | D:11     | Noticed a cyclops
  2619 | D:11     | Reached XP level 9. HP: 37/54 MP: 11/11
  2622 | D:11     | Killed a cyclops
  2622 | D:11     | Reached skill level 7 in Axes
  2622 | D:11     | Reached skill level 5 in Armour
  2866 | D:11     | Noticed a two-headed ogre
  2873 | D:11     | Killed a two-headed ogre
  2901 | D:11     | FUCK
  2986 | D:11     | Reached skill level 5 in Dodging
  3148 | D:11     | Noticed a six-headed hydra
  3230 | D:11     | WTF
  3431 | D:12     | Noticed a brown ugly thing
  3461 | D:12     | Reached XP level 10. HP: 61/61 MP: 13/13
  3519 | D:12     | Reached *** piety under Makhleb
  3519 | D:12     | Reached skill level 8 in Axes
  3569 | D:12     | Killed a brown ugly thing
  3569 | D:12     | Reached skill level 5 in Invocations
  3600 | D:12     | Noticed a centaur simulacrum
  3601 | D:12     | Noticed a centaur warrior
  3605 | D:12     | Noticed a komodo dragon
  3709 | D:12     | Killed an unseen horror
  3807 | D:12     | Noticed a purple ugly thing
  3838 | D:12     | Killed a purple ugly thing
  3846 | D:12     | Reached skill level 9 in Axes
  3995 | D:10     | Bought a +2 broad axe of venom for 218 gold pieces
  4006 | D:10     | Reached XP level 11. HP: 30/68 MP: 15/15
  4109 | D:12     | Noticed a white ugly thing
  4112 | D:12     | Noticed a red ugly thing
  4125 | D:12     | Killed a white ugly thing
  4127 | D:12     | Killed a purple ugly thing
  4182 | D:12     | Killed a komodo dragon
  4182 | D:12     | Reached **** piety under Makhleb
  4297 | D:12     | Noticed a centaur warrior
  4307 | D:12     | Killed a centaur simulacrum
  4316 | D:12     | Killed a centaur warrior
  4336 | D:12     | Killed a centaur warrior
  4338 | D:12     | Got a wavering garnet amulet
  4339 | D:12     | Identified the amulet of Leaves {Clar Stlth+} (You took it off a centaur warrior on level 12 of the Dungeon)
  4362 | D:12     | Noticed a manticore
  4368 | D:12     | Killed a manticore
  4368 | D:12     | Reached skill level 10 in Axes
  4378 | D:12     | Killed an unseen horror
  4546 | D:12     | Found an iron altar of Okawaru.
  4675 | D:14     | Noticed a tengu warrior
  4688 | D:14     | Killed a tengu warrior
  4803 | D:13     | Noticed a hill giant
  4815 | D:13     | Killed a hill giant
  4815 | D:13     | Reached XP level 12. HP: 27/76 MP: 17/17
  4958 | D:13     | Found a sacrificial altar of Ru.
  5023 | D:13     | Reached ***** piety under Makhleb
  5135 | D:15     | Entered Level 15 of the Dungeon
  5241 | D:14     | Killed an unseen horror
  5241 | D:14     | Reached skill level 11 in Axes
  5274 | D:14     | Mangled by a shadow

Action                   |  1- 3 |  4- 6 |  7- 9 | 10-12 || total
-------------------------+-------+-------+-------+-------++-------
Melee: War axe           |    70 |    56 |   274 |   146 ||   546
       Broad axe         |       |       |       |   242 ||   242
Throw: Throwing net      |     7 |     2 |     5 |       ||    14
Invok: Lesser Servant of |       |       |       |     1 ||     1
Evoke: Wand              |       |       |     7 |     4 ||    11
  Use: Scroll            |       |     2 |    13 |     9 ||    24
       Potion            |       |       |     2 |     5 ||     7
 Stab: Held in net/web   |     1 |       |     5 |       ||     6
       Paralysed         |       |       |     8 |     2 ||    10
  Eat: Chunk             |       |     1 |     2 |     5 ||     8
       Bread ration      |       |       |     2 |     1 ||     3
       Pizza             |       |       |     1 |       ||     1
       Beef jerky        |       |       |     1 |       ||     1
